 Dungeon Crawl Stone Soup version 0.32-a0-872-g59262bdc9b (webtiles) character file.

Game seed: 3716605458081691116

70618 gabibbone the Nimble (level 14, -3/77 HPs)
             Began as a Felid Air Elementalist on Mar 30, 2024.
             Was the Champion of Jiyva.
             Slain by a cane toad (23 damage)
             ... on level 5 of the Lair of Beasts.
             The game lasted 00:48:16 (16575 turns).

gabibbone the Nimble (Felid Air Elementalist)      Turns: 16575, Time: 00:48:17

Health: -3/77      AC:  3    Str:  4    XL:     14   Next: 9%
Magic:  27/30      EV: 27    Int: 22    God:    Jiyva [******]
Gold:   438        SH:  0    Dex: 19    Spells: 13/35 levels left
                                        Lives:  0   Deaths: 5

rFire   . . .        (weapon unavailable)
rCold   + . .        (shield unavailable)
rNeg    . . .        (body armour unavailable)
rPois   .            (helmet unavailable)
rElec   .            (cloak unavailable)
rCorr   +            (gloves unavailable)
SInv    +            (boots unavailable)
Will    ++...        o - amulet of magic regeneration
Stlth   ++           (no ring)
HPRegen 1.92/turn    (no ring)
MPRegen 1.42/turn

%: no passive effects
@: no status effects
A: very small, claws 1, fangs 3, see invisible, shaggy fur 3, stealthy paws, no
weapons or thrown items, no armour, multi-lived, antennae 2, pseudopods 2,
evolution 2, tendrils, jelly absorbing missiles
}: 1/15 runes: slimy
a: Renounce Religion, Oozemancy, Slimify


You were on level 5 of the Lair of Beasts.
You worshipped Jiyva.
Jiyva was exalted by your worship.
You visited 4 branches of the dungeon, and saw 21 of its levels.
You also visited: Sewer and Bailey.

You collected 627 gold pieces.
You spent 189 gold pieces at shops.

Inventory:

Jewellery
 d - the ring "Gabrigu" {rElec rF+ Str+2 Int+6}
   (You found it on level 4 of the Lair of Beasts)

   [ring of intelligence]

   Str+2:     It affects your strength (+2).
   Int+6:     It affects your intelligence (+6).
   rF+:       It protects you from fire.
   rElec:     It insulates you from electricity.
 n - an amulet of guardian spirit
 o - an amulet of magic regeneration (around neck)
Wands
 c - a wand of digging (7)
 e - a wand of charming (3)
 r - a wand of quicksilver (7)
 u - a wand of warping (9)
Scrolls
 b - a scroll of vulnerability
 i - a scroll of immolation
 z - a scroll of poison
Potions
 a - a potion of magic
 f - a potion of resistance {unknown}
 g - 2 potions of curing
 h - 3 potions of heal wounds
 k - 2 potions of ambrosia {!q}
 l - 2 potions of enlightenment {unknown}
 m - a potion of might {unknown}
 s - 4 potions of mutation {unknown}
 v - a potion of experience {unknown}
 w - a potion of haste {unknown}
 x - 2 potions of brilliance {unknown}


   Skills:
 - Level 10.0 Fighting
 - Level 14.0 Dodging
 - Level 2.6 Stealth
 * Level 11.4 Spellcasting
 - Level 0.8 Conjurations
 - Level 12.0 Translocations
 - Level 12.0 Air Magic
 + Level 6.9 Evocations


You had 13 spell levels left.
You knew the following spells:

 Your Spells              Type           Power      Damage    Failure   Level
a - Shock                 Conj/Air       100%       1d9       1%          1
b - Static Discharge      Conj/Air       80%        3-7/arc   1%          2
c - Airstrike             Air            30%        2d(5-21)  1%          4
d - Gell's Gavotte        Tloc           30%        2d(25-37) 6%          6
e - Dispersal             Tloc           30%        N/A       6%          6
S - Swiftness             Air            60%        N/A       1%          3

Your spell library contained the following spells:

 Spells                   Type           Power      Damage    Failure   Level
 Teleport Other           Tloc           60%        N/A       1%          3
 Sandblast                Erth           24%        2d8       5%          1
 Stone Arrow              Conj/Erth      28%        3d8       13%         3
 Brom's Barrelling Bould  Conj/Erth      14%        2d4       41%         4


Dungeon Overview and Level Annotations

Branches:
Dungeon (10/15)            Temple (1/1) D:5            Lair (5/5) D:10
 Shoals (0/4) Lair:2        Snake (0/4) Lair:3        Slime (5/5) Lair:4
  Sewer (visited)          Bailey (visited)
    Orc: D:9-12

Altars:
Ashenzari
Cheibriados
Dithmenos
Elyvilon
Gozag
Hepliaklqana
Kikubaaqudgha
Makhleb
Nemelex Xobeh
Okawaru
Qazlal
Ru
Sif Muna
Trog
Uskayaw
Vehumet
Wu Jian
Xom
Yredelemnul
Zin
The Shining One
Jiyva

Shops:
D:1 [   D:5 *   D:8 (

Annotations:
D:3 Grinder
D:8 1 runed translucent door
Lair:4 exclusion: 2 oklob plants
Slime:3 Dissolution
Slime:5 Royal Jelly


Innate Abilities, Weirdness & Mutations

You have sharp claws.
You have razor-sharp teeth.
You have supernaturally acute eyesight. (SInv)
Your thick and shaggy fur keeps you warm. (AC +3, rC+)
Your paws help you pounce on unaware monsters.
You are incapable of wielding weapons or throwing items.
You cannot wear armour.
You gain extra lives every three experience levels.
You have a pair of antennae on your head.
Armour fits poorly on your large pseudopods.
You have great hidden genetic potential.
You are covered in slimy tendrils that may disarm your opponents.
You have a small jelly attached to you that may absorb projectiles.


Message History

The skyshark completely misses you. The skyshark misses you.
The skyshark tail-slaps you.
Press: ? - help, v - describe, . - travel Some shallow water.
Attack: -) Teeth and claws
Press: ? - help, Dir - move target, f - skyshark
Aim: a skyshark (severely wounded, about 25% to evade your paws)
You closely miss the skyshark. You bludgeon the skyshark.
The skyshark is severely wounded.
The skyshark closely misses you. The skyshark completely misses you.
The skyshark closely misses you.
Press: ? - help, v - describe, . - travel Some shallow water.
Gravity stabilizes in your vacinity.
The elephant seems less confused.
The skyshark misses you. The skyshark completely misses you.
The skyshark tail-slaps you.
Press: ? - help, v - describe, . - travel A stone wall.
Casting: Dispersal (dangerous; 6% risk of failure)
Confirm with . or Enter, or press ? or * to list all spells.
The cane toad is struck by an arc of lightning.
The skyshark is struck by an arc of lightning!
The skyshark is severely wounded.
The elephant is struck by an arc of lightning.
The elephant is almost dead.
The lightning grounds out.
The skyshark is struck by an arc of lightning.
The skyshark is almost dead.
The elephant is struck by an arc of lightning.
The elephant is almost dead.
The cane toad is struck by an arc of lightning.
The cane toad is lightly wounded.
The elephant is struck by an arc of lightning.
You kill the elephant!
The lightning grounds out.
The cane toad stings you!!
* * * LOW HITPOINT WARNING * * *
You shudder from the blow and a jelly pops out!
The skyshark closely misses you. x3; The cane toad stings you!!
You die...
Jiyva sends a jelly to digest your remains.

........#.~~##~~##~†~#~~#~~~#~...
.......~~~.~~~~~~~~~~~~~.~~~~~.P.
<.......~~~~#~.~##~~###†~#~~~~~..
.#.#...~##~~#~~~~.~†~~~~~#~~##.#.
#.#.....~#~~.~#~#~.ß~#.#~#~~# ...
..##. #~~~~~#ß~~~~~~~~~~ß# ###
#.~.~~.####~~~~### .
#..#~~~#⌠JF~~~~~.~~ .
#..##~~#~†F@Y~~~ß~~
....~~~~.~~~##++##~# ...
~~~.#~~.~# .....#~~~.#~~# {
..~#~.~~.#~~ ..~~~~~#~.~~!
.~~~P~~~~#~# ~##~~~~~~ß..


You could see a dire elephant, a skyshark, a cane toad (ally target) and a
friendly rockslime (summoned).

Vanquished Creatures
  Erica (D:9)
  4 hydras
  A two-headed ogre (D:10)
  A death yak (Lair:1)
  Sonja (Lair:1)
  2 skysharks
  A skeletal warrior (D:8)
  2 sea snakes (Lair:5)
  Amaemon (D:9)
  Pikel (D:7)
  A manticore (Lair:5)
  Maurice (D:8)
  An ugly thing (D:10)
  An elephant (Lair:5)
  Joseph (Lair:1)
  4 black mambas (Lair:5)
  An orange demon (D:9)
  7 cane toads
  A torpor snail (Lair:4)
  Jeremiah (D:7)
  3 komodo dragons
  A rime drake (Lair:5)
  A troll (D:9)
  A polar bear (Lair:1)
  Prince Ribbit (D:9)
  2 hornets
  5 blink frogs (Lair:5)
  A wind drake (Lair:5)
  A snapping turtle (Lair:5)
  2 basilisks
  3 fire bats (Lair:3)
  5 wyverns
  5 steam dragons
  40 yaks
  2 vampire mosquitoes (D:10)
  Menkaure (D:7)
  Duvessa (D:5)
  15 water moccasins
  An acid dragon (D:9)
  15 orc warriors
  2 sky beasts (D:7)
  3 ice beasts (D:9)
  8 wolves
  A lemure (D:7)
  11 centaurs
  A phantom (D:5)
  3 kobold brigands
  Blork the orc (D:5)
  15 bullfrogs
  2 gnoll sergeants
  7 scorpions
  Dowan (D:5)
  6 electric eels
  A bombardier beetle (D:5)
  6 jellies
  A hound (D:3)
  2 gnoll boudas
  2 orc priests
  A sleepcap (D:7)
  3 iguanas
  7 hell rats
  7 orc wizards
  Robin (D:2)
  22 gnolls
  2 river rats (Sewer)
  11 adders
  2 white imps
  2 ufetubi (D:6)
  4 dart slugs
  A ribbon worm (Sewer)
  53 orcs
  11 ball pythons
  14 endoplasms
  5 giant cockroaches
  6 goblins
  8 hobgoblins
  2 jackals (D:2)
  14 kobolds
  4 quokkas
  7 bats
  7 frilled lizards
  4 rats
411 creatures vanquished.

Vanquished Creatures (collateral kills)
  A merfolk avatar (Lair:5)
  17 death yaks
  A skyshark (Lair:5)
  A manticore (Lair:5)
  2 black mambas
  A cane toad (Lair:2)
  3 merfolk (Lair:2)
  A blink frog (Lair:5)
  7 yaks
  A wolf (Lair:5)
  A bullfrog (Lair:1)
36 creatures vanquished.

Vanquished Creatures (others)
  A rime drake (Lair:4)
  A yak (Lair:3)
  A naga (Lair:3)
  3 water moccasins
  An orc warrior (D:9)
  2 centaurs (Bailey)
  A lemure (D:7)
  3 bullfrogs
  49 jellies
  3 electric eels (D:9)
  An orc priest (D:7)
  A bombardier beetle (D:7)
  2 hounds
  4 orc wizards
  10 orcs
  2 kobolds (D:9)
85 creatures vanquished.

Grand Total: 532 creatures vanquished

Notes
Turn   | Place    | Note
-------+----------+-------------------------------------------
     0 | D:1      | gabibbone the Felid Air Elementalist began the quest for
                  | the Orb.
     0 | D:1      | Reached XP level 1. HP: 9/9 MP: 4/4
    76 | D:1      | Found Uqeunwu's Armour Emporium.
   469 | D:1      | Reached XP level 2. HP: 13/13 MP: 4/6
   654 | D:1      | You fall into a shaft and drop 1 floor!
  1316 | D:1      | Reached XP level 3. HP: 16/16 MP: 3/8
  1775 | D:2      | Succumbed to an adder's poison
  1775 | D:2      | Lost a life (0 lives remaining)
  1998 | D:2      | Noticed Robin
  2006 | D:1      | Learned a level 2 spell: Static Discharge
  2349 | D:2      | Killed Robin
  2350 | D:2      | Reached XP level 4. HP: 21/21 MP: 2/11
  2350 | D:2      | Gained a life (1 life remaining)
  3185 | D:3      | Found a faded altar of an unknown god.
  3296 | D:3      | Reached XP level 5. HP: 24/24 MP: 7/12
  3332 | D:3      | Found a broken altar of Ashenzari.
  3334 | D:3      | Noticed Grinder
  3631 | D:3      | Learned a level 4 spell: Airstrike
  4042 | D:4      | Reached skill level 5 in Air Magic
  4042 | D:4      | Gained mutation: You are covered in thick fur. (AC +2)
                  | [Felid growth]
  4042 | D:4      | Reached XP level 6. HP: 28/28 MP: 7/13
  4918 | D:4      | Found a radiant altar of Vehumet.
  5357 | D:5      | Entered Level 5 of the Dungeon
  5359 | D:5      | Reached XP level 7. HP: 32/32 MP: 9/14
  5359 | D:5      | Gained a life (2 lives remaining)
  5527 | D:5      | Noticed Blork the orc
  5536 | D:5      | Killed Blork the orc
  5838 | D:5      | Found Heorak's Assorted Antiques.
  5841 | D:5      | Bought a square ruby amulet for 135 gold pieces
  5841 | D:5      | Bought a scroll labelled MOTAOF JAYKKUB for 27 gold pieces
  5841 | D:5      | Bought a scroll labelled RUHADE EDADACEU for 27 gold pieces
  5962 | D:5      | Noticed Duvessa
  5963 | D:5      | Noticed Dowan
  5965 | D:5      | Killed Duvessa
  5971 | D:5      | Killed Dowan
  5972 | D:5      | Reached XP level 8. HP: 27/36 MP: 1/15
  6029 | D:5      | Found a staircase to the Ecumenical Temple.
  6060 | Temple   | Entered the Ecumenical Temple
  6783 | D:6      | Engulfed by a steam dragon's steam
  6783 | D:6      | Lost a life (1 life remaining)
  6992 | D:6      | Found a glowing drain.
  6999 | Sewer    | Entered a sewer
  7048 | Sewer    | Learned a level 3 spell: Swiftness
  7078 | Sewer    | Reached skill level 10 in Air Magic
  7277 | Sewer    | Found a viscous altar of Jiyva.
  7354 | Sewer    | Became a worshipper of Jiyva Jiqiuz the Shapeless
  7490 | D:6      | Slain by a bullfrog
  7490 | D:6      | Lost a life (0 lives remaining)
  7821 | D:6      | Reached XP level 9. HP: 39/39 MP: 11/16
  7926 | D:6      | Reached * piety under Jiyva
  8123 | D:7      | Noticed Menkaure
  8130 | D:7      | Killed Menkaure
  8203 | D:7      | Noticed Jeremiah
  8207 | D:7      | Killed Jeremiah
  8213 | D:7      | Found a snail-covered altar of Cheibriados.
  8306 | D:7      | Noticed Pikel
  8317 | D:7      | Killed Pikel
  8318 | D:7      | Reached skill level 1 in Fighting
  8318 | D:7      | Reached skill level 3 in Dodging
  8479 | D:7      | Reached skill level 4 in Dodging
  8606 | D:7      | Reached ** piety under Jiyva
  8774 | D:8      | Noticed Maurice
  8777 | D:8      | Killed Maurice
  8778 | D:8      | Reached XP level 10. HP: 42/48 MP: 9/18
  8778 | D:8      | Gained a life (1 life remaining)
  8790 | D:8      | Reached skill level 5 in Spellcasting
  8792 | D:8      | Reached skill level 5 in Dodging
  8964 | D:8      | Found a transporter.
  8968 | D:8      | Found a viscous altar of Jiyva.
  8973 | D:8      | Found a transporter.
  9142 | D:8      | Noticed a skeletal warrior
  9171 | D:8      | Killed a skeletal warrior
  9172 | D:8      | Reached skill level 6 in Dodging
  9217 | D:8      | Found a runed translucent door.
  9252 | D:8      | Reached *** piety under Jiyva
  9255 | D:8      | Found Koces's Antique Weapon Shop.
  9431 | D:8      | Noticed a cyclops
  9433 | D:8      | Noticed a wolf spider
  9472 | D:9      | Noticed Erica
  9584 | D:9      | Noticed Prince Ribbit
  9592 | D:9      | Killed Prince Ribbit
  9751 | D:9      | Noticed Amaemon
  9753 | D:9      | Noticed an orange demon
  9755 | D:9      | Reached skill level 7 in Dodging
  9764 | D:9      | Slain by a wyvern
  9764 | D:9      | Lost a life (0 lives remaining)
  9777 | D:9      | Gained mutation: Your thick and shaggy fur keeps you warm.
                  | (AC +3, rC+) [Jiyva's grace]
  9777 | D:9      | Gained mutation: You have a pair of small antennae on your
                  | head. [Jiyva's grace]
  9777 | D:9      | Gained mutation: You have a pair of antennae on your head.
                  | [Jiyva's grace]
  9777 | D:9      | Gained mutation: You have a pair of large antennae on your
                  | head. (SInv) [Jiyva's grace]
  9794 | D:9      | Reached skill level 5 in Fighting
  9826 | D:9      | Found a flagged portal.
  9835 | Bailey   | Entered a bailey
 10045 | Bailey   | Reached skill level 8 in Dodging
 10209 | Bailey   | Reached XP level 11. HP: 56/56 MP: 15/22
 10501 | D:10     | Entered Level 10 of the Dungeon
 10538 | D:10     | Reached **** piety under Jiyva
 10728 | D:10     | Noticed a two-headed ogre
 10745 | D:10     | Killed a two-headed ogre
 10746 | D:10     | Reached skill level 9 in Dodging
 10878 | D:10     | Found a staircase to the Lair.
 11052 | D:10     | Noticed a cyan ugly thing
 11057 | D:10     | Killed a cyan ugly thing
 11145 | D:10     | Reached ***** piety under Jiyva
 11390 | D:9      | Killed Amaemon
 11411 | D:9      | Reached skill level 10 in Dodging
 11468 | D:9      | Killed Erica
 11748 | Lair:1   | Entered Level 1 of the Lair of Beasts
 11803 | Lair:1   | Gained mutation: Armour fits poorly on your pseudopods.
                  | [Jiyva's grace]
 11803 | Lair:1   | Gained mutation: Armour fits poorly on your large
                  | pseudopods. [Jiyva's grace]
 11803 | Lair:1   | Gained mutation: Armour fits poorly on your massive
                  | pseudopods. [Jiyva's grace]
 11803 | Lair:1   | Gained mutation: You have a somewhat thin skeletal
                  | structure. (Dex +2, Stealth+) [Jiyva's grace]
 11833 | Lair:1   | Noticed Sonja
 11836 | Lair:1   | Killed Sonja
 11837 | Lair:1   | Reached skill level 11 in Dodging
 11913 | Lair:1   | Learned a level 6 spell: Gell's Gavotte
 11920 | Lair:1   | Learned a level 6 spell: Dispersal
 12007 | Lair:1   | Reached skill level 1 in Translocations
 12167 | Lair:1   | Noticed Joseph
 12173 | Lair:1   | Killed Joseph
 12174 | Lair:1   | Mutation became permanent: You are covered in thick fur.
                  | (AC +2) [Felid growth]
 12174 | Lair:1   | Gained mutation: Your thick and shaggy fur keeps you warm.
                  | (AC +3, rC+) [Felid growth]
 12174 | Lair:1   | Reached XP level 12. HP: 65/65 MP: 4/25
 12315 | Lair:1   | Reached skill level 12 in Dodging
 12340 | Lair:1   | Noticed a death yak
 12343 | Lair:1   | Noticed a death yak
 12344 | Lair:1   | Noticed a death yak
 12345 | Lair:1   | Noticed a death yak
 12352 | Lair:1   | Killed a death yak
 12388 | Lair:1   | Killed a death yak
 12389 | Lair:1   | Reached skill level 5 in Translocations
 12391 | Lair:1   | Killed a death yak
 12393 | Lair:1   | Killed a death yak
 12859 | Lair:2   | Noticed an eight-headed hydra
 13004 | Lair:2   | Found a staircase to the Shoals.
 13107 | Lair:2   | Reached skill level 13 in Dodging
 13108 | Lair:2   | Reached skill level 10 in Fighting
 13149 | Lair:2   | HP: 2/67 [cane toad (12)]
 13182 | Lair:2   | Killed an eight-headed hydra
 13274 | Lair:2   | Noticed a seven-headed hydra
 13278 | Lair:2   | Killed a seven-headed hydra
 13454 | Lair:2   | Reached ****** piety under Jiyva
 13502 | Lair:2   | Reached skill level 14 in Dodging
 13903 | Lair:3   | You fall into a shaft and drop 1 floor!
 13909 | Lair:4   | Reached skill level 10 in Translocations
 14027 | Lair:4   | Reached XP level 13. HP: 72/72 MP: 20/26
 14027 | Lair:4   | Gained a life (1 life remaining)
 14127 | Lair:4   | Slain by a death yak
 14127 | Lair:4   | Lost a life (0 lives remaining)
 14137 | Lair:4   | Reached skill level 1 in Evocations
 14301 | Lair:3   | Lost mutation: You have a pair of large antennae on your
                  | head. (SInv) [Jiyva's grace]
 14301 | Lair:3   | Lost mutation: You have a somewhat thin skeletal structure.
                  | (Dex +2, Stealth+) [Jiyva's grace]
 14301 | Lair:3   | Lost mutation: Armour fits poorly on your massive
                  | pseudopods. [Jiyva's grace]
 14301 | Lair:3   | Gained mutation: You are covered in slimy tendrils that may
                  | disarm your opponents. [Jiyva's grace]
 14301 | Lair:3   | Gained mutation: You have a small jelly attached to you
                  | that may absorb projectiles. [Jiyva's grace]
 14301 | Lair:3   | Gained mutation: You have hidden genetic potential.
                  | [Jiyva's grace]
 14301 | Lair:3   | Gained mutation: You have great hidden genetic potential.
                  | [Jiyva's grace]
 14547 | Lair:3   | Found a staircase to the Snake Pit.
 15021 | Lair:4   | Identified the ring "Gabrigu" {rElec rF+ Str+2 Int+6}
 15086 | Lair:4   | Found a viscous altar of Jiyva.
 15087 | Lair:4   | Found a staircase to the Slime Pits.
 15094 | Slime:1  | Entered Level 1 of the Pits of Slime
 15094 | Slime:1  | Noticed a rockslime
 15119 | Slime:3  | Noticed Dissolution
 15119 | Slime:3  | Noticed a formless jellyfish
 15119 | Slime:3  | Noticed a formless jellyfish
 15119 | Slime:3  | Noticed a formless jellyfish
 15119 | Slime:3  | Noticed an azure jelly
 15127 | Slime:4  | Noticed a formless jellyfish
 15127 | Slime:4  | Noticed a formless jellyfish
 15127 | Slime:4  | Noticed a formless jellyfish
 15134 | Slime:5  | Entered Level 5 of the Pits of Slime
 15177 | Slime:5  | Noticed an acid blob
 15178 | Slime:5  | Noticed an azure jelly
 15179 | Slime:5  | Found a viscous altar of Jiyva.
 15180 | Slime:5  | Noticed an acid blob
 15182 | Slime:5  | Found the +18 shield of the Gong {Loud rN+ Will+ rCorr
                  | EV-5}
 15183 | Slime:5  | Noticed a formless jellyfish
 15186 | Slime:5  | Noticed an azure jelly
 15188 | Slime:5  | Identified the +5 orcbow "Killer Klown's Death" {drain,
                  | rPois Str+3 Dex+2}
 15192 | Slime:5  | Noticed an acid blob
 15195 | Slime:5  | Noticed an acid blob
 15198 | Slime:5  | Noticed the Royal Jelly
 15201 | Slime:5  | Noticed an acid blob
 15209 | Slime:5  | Identified the staff "Kanoaph" {rC+ Int+2 Earth}
 15215 | Slime:5  | Noticed an acid blob
 15229 | Slime:5  | Got a slimy rune of Zot
 15231 | Slime:5  | Got a starry gem with 465 turns to spare
 15248 | Slime:5  | Noticed a quicksilver ooze
 15324 | Slime:5  | Noticed a quicksilver ooze
 15346 | Slime:5  | Noticed a rockslime
 15374 | Slime:5  | Noticed an acid blob
 15467 | Slime:5  | Noticed a quicksilver ooze
 15478 | Slime:5  | Noticed an acid blob
 15506 | Slime:5  | Noticed an acid blob
 15524 | Slime:5  | Noticed an azure jelly
 16001 | Lair:5   | Entered Level 5 of the Lair of Beasts
 16269 | Lair:5   | Reached skill level 10 in Spellcasting
 16275 | Lair:5   | Reached skill level 5 in Evocations
 16449 | Lair:5   | Reached XP level 14. HP: 57/77 MP: 18/30
 16575 | Lair:5   | Slain by a cane toad

Illustrated notes

Levels and vault maps discovered:
D:1:      spicycebolla_green_bress_n_ham_2, layout_basic, serial_shops,
          nicolae_shop_just_a_little_nook, ebering_dispersal_statue_hall
D:2:      layout_basic, uniq_robin
D:3:      layout_loops_cross, nicolae_overflow_squiral,
          hellmonk_ecumenical_altar_heavens_door, uniq_grinder
D:4:      layout_cave_pods, mainiacjoe_overflow_catwalk,
          kennysheep_generic_room_4
D:5:      layout_layer_cave, minmay_temple_entry_arrows, serial_shops,
          kennysheep_mini, uniq_duvessa, uniq_blork_the_orc
D:6:      layout_basic, mainiacjoe_sewer_entry_somewhere_in_here_2
D:7:      layout_basic, kennysheep_slug_shrine, serial_bayou,
          serial_bayou_pond_b, serial_bayou_ford_a, serial_bayou_shore_b,
          serial_bayou_shore_b, uniq_menkaure, uniq_jeremiah, uniq_pikel
D:8:      gammafunk_jiyva_shrine, layout_cave_pools, serial_shops, shop,
          serial_library_hellmonk_recessed_alcove, wad_hexagon, uniq_maurice
D:9:      minmay_twisted_water, layout_basic, enter_bailey_2,
          uniq_prince_ribbit1, uniq_erica, uniq_amaemon
D:10:     layout_loops_ring, lair_entry_dummy, minmay_misc_feat_five
Temple:   regret_index_temple_mists
Lair:1:   layout_gridlike, chequers_serial_rivers_room_a, beast_lair_carwin_7,
          uniq_joseph, uniq_sonja
Lair:2:   layout_regular_city, mainiacjoe_shoals_entry_four_pools,
          chequers_serial_rivers_micro_e
Lair:3:   layout_roguey, guppyfry_snake_entry_island,
          nicolae_volcano_entry_batcave, nicolae_quartered_pool_impasse,
          chequers_serial_rivers_large_a
Lair:4:   layout_hall_layers, minmay_slime_entry_oklob_open,
          eino_small_chamber_without_monster, chequers_serial_rivers_micro_a,
          lemuel_fruit_tree
Lair:5:   gammafunk_lair_ancient_temple, layout_hall_layers
Slime:1:  layout_caves, nicolae_slime_getting_an_eyeful
Slime:2:  layout_caves
Slime:3:  layout_caves, uniq_dissolution
Slime:4:  layout_caves
Slime:5:  slime_pit_nicolae_trefoil

Skill      XL: |  1  2  3  4  5  6  7  8  9 10 11 12 13 |
---------------+----------------------------------------+-----
Spellcasting   | 3 4 6 8 11 | 11.4
Air Magic      | 3 5 6 8 10 12 | 12.0
Fighting       | 2 6 8 10 | 10.0
Dodging        | 4 8 11 14 | 14.0
Translocations | 2 10 12 | 12.0
Evocations     | 6 |  6.9
Stealth        | |  2.6
Conjurations   | |  0.8

Action                     |  1- 3 |  4- 6 |  7- 9 | 10-12 | 13-15 || total
---------------------------+-------+-------+-------+-------+-------++-------
  Melee: Unarmed           |     9 |     5 |     5 |    25 |    11 ||    55
         Bite              |       |     2 |       |     5 |     2 ||     9
         Pseudopods        |       |       |       |     3 |     3 ||     6
   Cast: Shock             |    85 |   112 |   102 |   181 |    10 ||   490
         Static Discharge  |     1 |     4 |    23 |   135 |    41 ||   204
         Airstrike         |       |     9 |    77 |   230 |   129 ||   445
         Swiftness         |       |       |       |     3 |     2 ||     5
         Dispersal         |       |       |       |       |     5 ||     5
         Gell's Gavotte    |       |       |       |       |     3 ||     3
  Evoke: Wand              |       |       |       |     5 |       ||     5
    Use: Potion            |     1 |     1 |       |     2 |     2 ||     6
         Scroll            |       |     3 |     3 |    11 |     2 ||    19
 Armour: Skin              |    16 |    12 |    40 |   258 |   106 ||   432
  Dodge: Dodged            |    29 |    21 |    43 |   304 |   159 ||   556

Table legend: (Time is in decaauts)
 A = Elapsed time spent in this place.
 B = Non-inter-level travel time spent in this place.
 C = Inter-level travel time spent in this place.
 D = Time resting spent in this place.
 E = Time spent auto-exploring this place.
 F = Levels seen in this place.
 G = Mean time per level.
                   A        B        C        D        E       F      G
               +--------+--------+--------+--------+--------+-----+--------+
         Total |  16742 |  15743 |    999 |    562 |  11738 |  23 |  727.9 |
       Dungeon |  10871 |  10185 |    686 |    475 |   7993 |  10 | 1087.1 |
        Temple |     42 |      2 |     40 |      0 |      0 |   1 |   42.0 |
          Lair |   4329 |   4164 |    165 |     57 |   2881 |   5 |  865.8 |
    Slime Pits |    547 |    440 |    107 |     13 |    342 |   5 |  109.4 |
         Sewer |    392 |    392 |      0 |      0 |    247 |   1 |  392.0 |
        Bailey |    557 |    557 |      0 |     17 |    274 |   1 |  557.0 |
               +--------+--------+--------+--------+--------+-----+--------+

Top non-repeatable levels by time:
     D:4: 1537 daAuts
     D:1: 1445 daAuts
     D:2: 1303 daAuts
     D:3: 1283 daAuts
     D:5: 1158 daAuts
  Lair:2: 1099 daAuts
  Lair:1: 1041 daAuts
     D:6: 962 daAuts
     D:8: 848 daAuts
    D:10: 838 daAuts
  Lair:3: 834 daAuts
     D:9: 810 daAuts
  Lair:4: 779 daAuts
     D:7: 685 daAuts
  Lair:5: 575 daAuts
